AoeStats
← foxinthelake

Arabia

510318970Analyzed
1v1 RM · 2d ago on Sep 30, 2026· 82m 20s· 2 players
Game mode
Random Map
Map size
Tiny (2 player)
Population
200
Speed
Normal
Resources
Standard
Victory
Conquest
Starting age
Dark Age
Ending age
Imperial Age
RankedLock teamsTeams togetherTeam positionsShared explorationLock speedFull tech treeHidden civsTurbo modeCheats
Victory
Defeat
🇳🇱 Slavs · Netherlands
944
+17
🇹🇼 Khmer · Taiwan
957
-17
foxinthelake
8:11 Loom
10:40 Feudal Age
10:52 Man-at-Arms
14:11 Fletching
14:15 Double-Bit Axe
15:19 Horse Collar
21:33 Castle Age
20:21 Padded Archer Armor
22:14 Forging
21:58 Crossbowman
25:50 Bodkin Arrow
27:48 Long Swordsman
30:33 Scale Barding Armor
33:25 Heavy Plow
38:13 Imperial Age
37:20 Wheelbarrow
40:19 Chain Barding Armor
39:25 Light Cavalry
40:16 Bloodlines
43:38 Hussar
43:54 Pikeman
45:56 Iron Casting
47:57 Halberdier
49:21 Scale Mail Armor
50:28 Conscription
50:43 Chain Mail Armor
51:11 Plate Barding Armor
51:17 Gold Mining
51:28 Cavalier
52:09 Husbandry
53:14 Blast Furnace
53:43 Hand Cart
63:28 Druzhina
64:36 Chain Mail Armor
69:22 Detinets
71:08 Hoardings
72:00 Plate Mail Armor
71:45 Leather Archer Armor
71:12 Elite Boyar
72:54 Squires
72:18 Two-Handed Swordsman
73:30 Town Watch
73:09 Champion
Taiwan_倫仔
11:27 Feudal Age
12:00 Man-at-Arms
12:57 Loom
18:19 Castle Age
16:54 Double-Bit Axe
17:03 Gold Mining
19:07 Bloodlines
19:04 Fletching
19:29 Bow Saw
20:18 Horse Collar
23:05 Padded Archer Armor
23:20 Elite Skirmisher
25:21 Gold Shaft Mining
26:47 Wheelbarrow
29:14 Bodkin Arrow
29:35 Leather Archer Armor
34:12 Scale Barding Armor
34:18 Forging
35:29 Stone Mining
36:00 Husbandry
39:01 Imperial Age
37:24 Bloodlines
37:37 Chain Barding Armor
39:45 Hand Cart
40:17 Ballistics
40:58 Chemistry
44:53 Stone Shaft Mining
45:20 Iron Casting
51:35 Plate Barding Armor
53:26 Bracer
54:33 Blast Furnace
57:31 Town Watch
58:42 Light Cavalry
62:26 Pikeman
63:12 Scale Mail Armor
62:49 Hussar
70:09 Halberdier
71:10 Chain Mail Armor
Connection lost

Rejoining the realm…

Still unreachable

The connection could not be restored.

Session expired

The server has moved on; the page needs a fresh start.